 Dungeon Crawl Stone Soup version 0.29.1-15-g9cfb28693d (webtiles) character file.

Game seed: 5777738270741859717

254 Ast3rio the Chopper (level 5, -1/72 HPs)
             Began as a Minotaur Berserker on Mar 8, 2023.
             Was a Believer of Trog.
             Slain by a gnoll
             ... wielding a +0 club
              (6 damage)
             ... on level 3 of the Dungeon.
             The game lasted 00:03:13 (1714 turns).

Ast3rio the Chopper (Minotaur Berserker)            Turns: 1714, Time: 00:03:14

Health: -1/72      AC:  2    Str: 23    XL:     5   Next: 90%
Magic:  4/4        EV: 12    Int:  4    God:    Trog [**....]
Gold:   115        SH:  0    Dex: 10    Spells: 4/4 levels left

rFire   . . .      SeeInvis .   a - +0 hand axe
rCold   . . .      Faith    .   (no shield)
rNeg    . . .      Spirit   .   b - +0 animal skin
rPois   .          Reflect  .   (helmet restricted)
rElec   .          Harm     .   (no cloak)
rCorr   .          Rampage  .   (no gloves)
Will    .....                   (no boots)
Stlth   ..........              (no amulet)
HPRegen 0.22/turn               (no ring)
MPRegen 0.09/turn               (no ring)

@: berserking, very quick
A: horns 2, retaliatory headbutt
a: Renounce Religion, Berserk, Trog's Hand


You were on level 3 of the Dungeon.
You worshipped Trog.
Trog was pleased with you.
You visited 1 branch of the dungeon, and saw 3 of its levels.

You collected 115 gold pieces.

Inventory:

Hand Weapons
 a - a +0 hand axe (weapon)
Armour
 b - a +0 animal skin (worn)
Jewellery
 e - a +4 ring of evasion
 j - the ring "Hinuan" {Wiz Dex+6 Stlth+}
   (You found it on level 2 of the Dungeon)

   [ring of wizardry]

   It improves your spell success rate.
   Dex:       It affects your dexterity (+6).
   Stlth:     It makes you more stealthy.
Scrolls
 c - 2 scrolls of enchant weapon {unknown}
 d - a scroll of magic mapping {unknown}
 g - a scroll of identify {unknown}
 h - 2 scrolls of fog {unknown}
Potions
 f - a potion of curing {unknown}
 i - a potion of degeneration {unknown}


   Skills:
 * Level 5.3 Fighting
 * Level 6.4 Axes
 + Level 2.5 Armour
 + Level 2.9 Dodging
 + Level 0.4 Stealth


You had 4 spell levels left.
You didn't know any spells.
Your spell library was empty.

Dungeon Overview and Level Annotations

Branches:
Dungeon (3/15)

Altars:

Annotations:
D:3 Jessica


Innate Abilities, Weirdness & Mutations

You have a pair of horns on your head.
You reflexively headbutt those who attack you in melee.


Message History

A gnoll comes into view. It is wielding a +0 club.
You closely miss Grinder.
Grinder is severely wounded.
The gnoll shouts!
You hear a shout!
Grinder barely misses you. You furiously retaliate!
You headbutt Grinder, but do no damage.
A rat comes into view.
You closely miss Grinder.
Grinder is severely wounded.
Grinder hits you.
You writhe in agony.
* * * LOW HITPOINT WARNING * * *
You hit Grinder. Your headbutt misses Grinder.
Grinder is almost dead.
You hit the gnoll. Grinder closely misses you. You furiously retaliate!
You headbutt Grinder!
You kill Grinder!
Trog accepts your kill. The gnoll misses you.
Your Fighting skill increases to level 5!
Your Axes skill gained 2 levels and is now at level 6!
You have reached level 4!
You feel agile.
You have reached level 5!
Jessica the Apprentice Sorceress comes into view.
She is wielding a +0 dagger.
Jessica shouts!
You hear a shout!
The gnoll barely misses you. You furiously retaliate!
You headbutt the gnoll.
A gnoll comes into view. It is wielding a +0 club.
The gnoll hits you with a +0 club.
* * * LOW HITPOINT WARNING * * *
Jessica mumbles some strange words.
Jessica blinks!
Jessica moves out of view.
A red film seems to cover your vision as you go berserk!
You feel yourself moving faster!
You feel mighty!
The gnoll hits you but does no damage. x2
You hit the gnoll but do no damage. You headbutt the gnoll.
The gnoll is heavily wounded.
You closely miss the gnoll. The gnoll hits you with a +0 spear.
* * * LOW HITPOINT WARNING * * *
The gnoll hits you with a +0 club.
You die... # .# #.# ###.. #... #gg

#g##
###@g##
#.....#
#.#....#
#.######
#. ##


You could see 4 gnolls.

Vanquished Creatures
  Grinder (D:3)
  3 dart slugs
  A bat (D:1)
  7 endoplasms
  A giant cockroach (D:2)
  3 goblins
  8 hobgoblins
  4 jackals (D:2)
  2 quokkas (D:2)
  3 ball pythons
  A frilled lizard (D:1)
  2 kobolds (D:1)
  6 rats
42 creatures vanquished.

Notes
Turn   | Place    | Note
-------+----------+-------------------------------------------
     0 | D:1      | Ast3rio the Minotaur Berserker began the quest for the Orb.
     0 | D:1      | Reached XP level 1. HP: 19/19 MP: 0/0
   599 | D:1      | Reached XP level 2. HP: 27/27 MP: 1/1
   670 | D:1      | Reached skill level 4 in Axes
   726 | D:1      | Found a faded altar of an unknown god.
  1119 | D:2      | Reached XP level 3. HP: 27/33 MP: 2/2
  1208 | D:2      | Reached ** piety under Trog
  1452 | D:2      | Identified the ring "Hinuan" {Wiz Dex+6 Stlth+}
  1697 | D:3      | Noticed Grinder
  1711 | D:3      | Killed Grinder
  1712 | D:3      | Reached skill level 5 in Fighting
  1712 | D:3      | Reached skill level 6 in Axes
  1712 | D:3      | Reached XP level 4. HP: 9/42 MP: 3/3
  1712 | D:3      | Reached XP level 5. HP: 10/48 MP: 4/4
  1712 | D:3      | Noticed Jessica
  1714 | D:3      | Slain by a gnoll

Illustrated notes

Levels and vault maps discovered:
D:1:      evilmike_arrival_rings, layout_basic,
          dilly_ecumenical_altar_fadedgnrine
D:2:      layout_rooms, minmay_misc_feat_rows, minmay_close_crescents
D:3:      layout_loops_ring, kennysheep_nondescript, minmay_puff, uniq_jessica,
          uniq_ijyb, uniq_grinder

Skill      XL: |  1  2  3 |
---------------+----------+-----
Fighting       | 4 5 |  5.3
Axes           | 4 6 |  6.4
Armour         | |  2.5
Dodging        | |  2.9
Stealth        | |  0.4

Action                   |  1- 3 |  4- 6 || total
-------------------------+-------+-------++-------
Melee: Hand axe          |    81 |     1 ||    82
       Headbutt          |    12 |     1 ||    13
Invok: Berserk           |       |     1 ||     1
Armor: Animal skin       |     9 |     2 ||    11
Dodge: Dodged            |    52 |     1 ||    53
